 Dungeon Crawl Stone Soup version 0.31.0-11-ge490571c62 (webtiles) character file.

Game seed: 15890194094181920326

86 qw the Shooter (level 4, 0/25 HPs)
             Began as a Deep Elf Hunter on Feb 4, 2024.
             Slain by Sigmund
             ... wielding a +0 scythe
              (9 damage)
             ... on level 3 of the Dungeon.
             The game lasted 00:00:34 (1457 turns).

qw the Shooter (Deep Elf Hunter)                    Turns: 1457, Time: 00:00:34

Health: 0/25       AC:  6    Str:  7 (10) XL:     4   Next: 27%
Magic:  6/6        EV: 10    Int: 11 (14) God:
Gold:   122        SH:  0    Dex: 17 (18) Spells: 3/3 levels left

rFire   . . .        a - +0 shortbow
rCold   . . .        (shield currently unavailable)
rNeg    . . .        j - +0 ring mail
rPois   .            (helmet restricted)
rElec   .            (no cloak)
rCorr   .            f - +0 pair of gloves
SInv    .            (no boots)
Will    .....        (no amulet)
Stlth   +            (no ring)
HPRegen 0.24/turn    (no ring)
MPRegen 0.10/turn

%: no passive effects
@: attractive
A: antennae 1, evolution 1
a: no special abilities


You were on level 3 of the Dungeon.
You visited 1 branch of the dungeon, and saw 3 of its levels.

You collected 122 gold pieces.


Innate Abilities, Weirdness & Mutations

You have a pair of small antennae on your head.
You have hidden genetic potential.


   Skills:
 - Level 1.5 Fighting
 + Level 7.7 Ranged Weapons
 - Level 2.4 Dodging
 - Level 1.2 Stealth


You had 3 spell levels left.
You didn't know any spells.
Your spell library was empty.

Inventory:

Hand Weapons
 a - a +0 shortbow (weapon)
Armour
 f - a +0 pair of gloves (worn)
 j - a +0 ring mail (worn)
Potions
 d - a potion of enlightenment
 h - a potion of heal wounds
 i - a potion of berserk rage {unknown}
 k - a potion of cancellation {unknown}

Dungeon Overview and Level Annotations

Branches:
Dungeon (3/15)

Altars:
The Shining One

Shops:
D:1 [

Annotations:
D:3 Sigmund


Message History

There is a stone staircase leading up, spattered with blood here.
You shoot an arrow. The arrow hits the bat.
The bat is severely wounded.
The bat hits you but does no damage.
You shoot an arrow. The arrow hits the bat!
You kill the bat!
The goblin shoots a sling bullet.
The sling bullet closely misses you.
You shoot an arrow. The arrow barely misses Sigmund.
Sigmund casts a spell at you.
You are confused.
The goblin shoots a sling bullet.
The sling bullet closely misses you.
1450 ||| STAIRDANCE Sigmund hits you from afar with a +0 scythe!
In your confused state, you trip and fall back down the stairs.
The goblin unwields a +0 sling.
The goblin wields a +0 club.
The goblin closely misses you.
Sigmund gestures wildly while chanting.
Sigmund flickers and vanishes!
Deactivating autopickup; reactivate with Ctrl-A.
1452 ||| DRINKING smoky orange potion.
It was a potion of degeneration.
There was something very wrong with that liquid.
You feel weakened.
You feel dopey.
You feel clumsy. The goblin completely misses you. Something hits you.
1453 ||| DRINKING green potion.
It was a potion of attraction.
You feel attractive to monsters. The goblin hits you but does no damage.
Something is attracted toward you.
1454 ||| DRINKING lumpy emerald potion.
It was a potion of mutation.
You feel extremely strange.
You feel a hidden potential growing inside you.
A pair of antennae grows on your head!
You feel less confused. Something hits you but does no damage.
The goblin hits you but does no damage.
You shoot an arrow. The arrow hits the goblin.
The goblin is heavily wounded.
The goblin hits you but does no damage. Something hits you.
You shoot an arrow. The arrow closely misses the goblin.
The goblin hits you but does no damage.
You shoot an arrow. The arrow closely misses the goblin.
Something hits you!
You die...

# ###
#. ..
.####.#
.....
... #{#
#@# #g#
.## .#
.# #. .
.


You could see a goblin.

Vanquished Creatures
  Robin (D:2)
  3 adders (D:2)
  A dart slug (D:2)
  A ribbon worm (D:2)
  4 ball pythons
  5 bats
  2 endoplasms
  2 giant cockroaches (D:1)
  12 goblins (D:2)
  A hobgoblin (D:1)
  A quokka (D:2)
  3 frilled lizards (D:1)
  2 kobolds
  5 rats
43 creatures vanquished.

Notes
Turn   | Place    | Note
-------+----------+-------------------------------------------
     0 | D:1      | qw the Deep Elf Hunter began the quest for the Orb.
     0 | D:1      | Reached XP level 1. HP: 12/12 MP: 3/3
     0 | D:1      | 0 ||| qw: Version: 0.3-a-160-g6735b56
     0 | D:1      | 0 ||| qw: Game counter: 5783
     0 | D:1      | 0 ||| qw: Melee chars always use a shield: true
     0 | D:1      | 0 ||| qw: God list: Okawaru
     0 | D:1      | 0 ||| qw: Allow faded altars: false
     0 | D:1      | 0 ||| qw: Do Orc after clearing Dungeon:15 true
     0 | D:1      | 0 ||| qw: Do second Lair branch before Depths: true
     0 | D:1      | 0 ||| qw: Lair rune preference: random
     0 | D:1      | 0 ||| qw: Goals: Normal
     0 | D:1      | 0 ||| PLANNING D:1-11
    61 | D:1      | Found Eddat's Armour Emporium.
    73 | D:1      | 73 ||| SHOPLISTING +0 pair of gloves (58 gold, have 18).
    73 | D:1      | 73 ||| SHOPLISTING +0 ring mail (52 gold, have 18).
    73 | D:1      | 73 ||| SHOPLISTING +1 scale mail of willpower (208 gold,
                  | have 18).
   236 | D:1      | Reached XP level 2. HP: 16/16 MP: 4/4
   241 | D:1      | Reached skill level 6 in Ranged Weapons
   524 | D:1      | 524 ||| UPGRADING to +0 pair of gloves.
   529 | D:1      | 529 ||| READING scroll labelled CAK MEHORU DORGH.
   530 | D:1      | 530 ||| READING scroll labelled JIONIKK GIGHEPU.
   534 | D:1      | 534 ||| READING scroll labelled JET LYNNOSKEUJIU.
   566 | D:1      | 566 ||| DROPPING scroll of butterflies.
   611 | D:2      | Identified the +4 chain mail "Alaj" {Int+5 Dex+3}
   694 | D:2      | Reached XP level 3. HP: 11/20 MP: 5/5
   746 | D:2      | Found a glowing golden altar of the Shining One.
   843 | D:2      | Reached skill level 7 in Ranged Weapons
  1224 | D:2      | 1224 ||| UPGRADING to +0 ring mail.
  1234 | D:2      | 1234 ||| DROPPING +0 leather armour.
  1235 | D:2      | 1235 ||| DRINKING 2 silvery potions.
  1236 | D:2      | 1236 ||| DRINKING 2 clear potions.
  1257 | D:3      | Noticed Robin
  1258 | D:3      | 1258 ||| STAIRDANCE
  1283 | D:3      | 1283 ||| STAIRDANCE
  1289 | D:2      | Killed Robin
  1290 | D:2      | Reached XP level 4. HP: 19/25 MP: 6/6
  1314 | D:3      | 1314 ||| STAIRDANCE
  1321 | D:3      | 1321 ||| STAIRDANCE
  1330 | D:3      | Noticed Sigmund
  1331 | D:3      | 1331 ||| STAIRDANCE
  1354 | D:3      | 1354 ||| STAIRDANCE
  1389 | D:3      | 1389 ||| STAIRDANCE
  1450 | D:3      | 1450 ||| STAIRDANCE
  1452 | D:3      | 1452 ||| DRINKING smoky orange potion.
  1453 | D:3      | 1453 ||| DRINKING green potion.
  1454 | D:3      | 1454 ||| DRINKING lumpy emerald potion.
  1454 | D:3      | Gained mutation: You have hidden genetic potential. [potion
                  | of mutation]
  1454 | D:3      | Gained mutation: You have a pair of small antennae on your
                  | head. [potion of mutation]
  1457 | D:3      | Slain by Sigmund

Levels and vault maps discovered:
D:1:      dpeg_arrival_prison, layout_rooms, serial_shops, nicolae_square_shop,
          nrook_uturn
D:2:      layout_loops_ring, basic_altar, bh_walls_and_bars
D:3:      cheibrodos_fertilizer, layout_loops_ring,
          gammafunk_temple_overflow_claw, minmay_gold_behind_fungi,
          lemuel_flame_loot_1, uniq_robin, uniq_sigmund

Skill      XL: |  1  2  3 |
---------------+----------+-----
Ranged Weapons | 6 7 |  7.7
Fighting       | |  1.5
Dodging        | |  2.4
Stealth        | |  1.2

Action                     |  1- 3 |  4- 6 || total
---------------------------+-------+-------++-------
   Fire: Shortbow          |   101 |    29 ||   130
    Use: Scroll            |     3 |       ||     3
         Potion            |     2 |     3 ||     5
 Armour: Leather armour    |    10 |       ||    10
         Ring mail         |    12 |    32 ||    44
  Dodge: Dodged            |    28 |    31 ||    59

Table legend:
 A = Non-vault XP
 B = Vault XP
 C = Vault XP percentage of total XP
 D = Non-vault monster count
 E = Vault monster count
 F = Vault count percentage of total count
                 A         B        C        D         E       F
            +---------+---------+-------+---------+---------+-------
      Total |      86 |      38 |  30.6 |      30 |      13 |  30.2
            +---------+---------+-------+---------+---------+-------
        D:1 |      17 |       5 |  22.7 |      12 |       3 |  20.0
        D:2 |      67 |      33 |  33.0 |      17 |      10 |  37.0
        D:3 |       2 |       0 |   0.0 |       1 |       0 |   0.0
            +---------+---------+-------+---------+---------+-------
